 Dungeon Crawl Stone Soup version 0.28.0 (webtiles) character file.

Game seed: 8727330581558095518

29 croobank the Grasshopper (level 3, -3/18 HPs)
             Began as a Spriggan Warper on Feb 10, 2022.
             Slain by a gnoll (11 damage)
             ... on level 2 of the Dungeon.
             The game lasted 00:04:05 (1236 turns).

croobank the Grasshopper (Spriggan Warper)          Turns: 1236, Time: 00:04:06

Health: -3/18      AC:  2    Str:  9    XL:     3   Next: 1%
Magic:  8/8        EV: 18    Int: 14    God:
Gold:   80         SH:  0    Dex: 14    Spells: 5/7 levels left

rFire   . . .      SeeInvis +   a - +0 short sword
rCold   . . .      Faith    .   (no shield)
rNeg    . . .      Spirit   .   g - +0 robe
rPois   .          Reflect  .   (helmet restricted)
rElec   .          Harm     .   (no cloak)
rCorr   .          Rampage  .   (gloves unavailable)
Will    .....                   (boots unavailable)
Stlth   ++........              (no amulet)
HPRegen 0.06/turn               (no ring)
MPRegen 0.11/turn               (no ring)

@: very quick
A: very small, no large weapons, unfitting armour, see invisible, speed 3
a: no special abilities


You were on level 2 of the Dungeon.
You visited 1 branch of the dungeon, and saw 2 of its levels.

You collected 80 gold pieces.

Inventory:

Hand Weapons
 a - a +0 short sword (weapon)
 b - a +0 hunting sling
Missiles
 f - 25 stones (quivered)
 i - 28 sling bullets
Armour
 g - a +0 robe (worn)
Scrolls
 c - a scroll of blinking
 d - a scroll of identify {unknown}
 j - a scroll of enchant armour {unknown}
 k - a scroll of teleportation {unknown}
Potions
 e - a potion of brilliance {unknown}
 h - a potion of curing {unknown}


   Skills:
 + Level 1.7 Fighting
 + Level 2.3 Short Blades
 + Level 1.0 Throwing
 + Level 3.9 Dodging
 + Level 0.6 Stealth
 + Level 2.9 Spellcasting
 + Level 5.0 Translocations


You had 5 spell levels left.
You knew the following spells:

 Your Spells              Type           Power      Damage    Failure   Level
a - Blink                 Tloc           32%        N/A       4%          2

Your spell library contained the following spells:

 Spells                   Type           Power      Damage    Failure   Level
 Gell's Gravitas          Tloc           16%        N/A       9%          3
 Lesser Beckoning         Tloc           16%        N/A       9%          3
 Teleport Other           Tloc           16%        N/A       9%          3
 Manifold Assault         Tloc           16%        N/A       58%         5


Dungeon Overview and Level Annotations

Branches:
Dungeon (2/15)

Altars:


Innate Abilities, Weirdness & Mutations

You are very small and have problems with some larger weapons.
You are too small for most types of armour.
You have supernaturally acute eyesight. (SInv)
You cover ground extremely quickly. (Speed+++)


Message History

The hobgoblin is almost dead.
The hobgoblin misses you.
You hit the hobgoblin.
You kill the hobgoblin!
You have reached level 3!
Your experience leads to an increase in your attributes!
Increase (S)trength, (I)ntelligence, or (D)exterity?
You feel stronger. x2
You start resting.
HP restored.
Items here: ) †††.
You now have 80 gold pieces (gained 18).
k - a scroll labelled ZIOLAK AKHOQAIPHIR Memorise Blink, consuming 2 spell levels and leaving 5?
You start memorising the spell.
You continue memorising. x2
You finish memorising.
Spell assigned to 'a'.
You enter the shallow water.
Moving in this stuff is going to be slow.
You enter the shallow water.
Moving in this stuff is going to be slow.
Found a faded altar of an unknown god.
You enter the shallow water.
Moving in this stuff is going to be slow.
You enter the shallow water.
Moving in this stuff is going to be slow.
You enter the shallow water.
Moving in this stuff is going to be slow.
Done exploring.
(D) Dungeon
Where to? (? - help)
There is a stone staircase leading down here.
You climb downwards.
There is a stone staircase leading up here.
There are monsters nearby!
You closely miss the gnoll. The gnoll hits you with a +0 flail!
Ouch! That really hurt!
There is a stone staircase leading up here.
The gnoll hits you with a +0 flail!
Ouch! That really hurt!
You die...

.. .# #.# #
##.##.. #....#
#######..#+######
#@gg.g..........#
######..........#
#..........##
#............
#...g........
#............
#.g[..g......
#...!......J.
###..g.......


You could see 3 gnolls.

Vanquished Creatures
  2 dart slugs (D:1)
  An endoplasm (D:1)
  2 giant cockroaches (D:1)
  2 goblins (D:1)
  3 hobgoblins (D:1)
  2 kobolds (D:1)
  A quokka (D:1)
  2 ball pythons (D:1)
  5 bats (D:1)
  2 rats (D:1)
22 creatures vanquished.

Notes
Turn   | Place    | Note
-------+----------+-------------------------------------------
     0 | D:1      | croobank the Spriggan Warper began the quest for the Orb.
     0 | D:1      | Reached XP level 1. HP: 10/10 MP: 5/5
    35 | D:1      | You fall into a shaft and drop 1 floor!
   414 | D:1      | Reached XP level 2. HP: 14/14 MP: 6/6
   847 | D:1      | Reached skill level 5 in Translocations
  1049 | D:1      | Reached XP level 3. HP: 12/18 MP: 8/8
  1141 | D:1      | Learned a level 2 spell: Blink
  1173 | D:1      | Found a faded altar of an unknown god.
  1236 | D:2      | Slain by a gnoll

Illustrated notes

Levels and vault maps discovered:
D:1:      psy_arrival_whirlpool, layout_rooms,
          shapermc_ecumenical_altar_hornbeckon, minmay_tromino_v7
D:2:      layout_basic, serial_shops, shop

Skill      XL: |  1  2 |
---------------+-------+-----
Translocations | 5 |  5.0
Fighting       | |  1.7
Short Blades   | |  2.3
Throwing       | |  1.0
Dodging        | |  3.9
Stealth        | |  0.6
Spellcasting   | |  2.9

Action                   || total
-------------------------++-------
Melee: Short sword       ||    76
       Punch             ||     1
Throw: Boomerang         ||     5
       Stone             ||     2
 Stab: Sleeping          ||     2
Armor: Robe              ||     5
Dodge: Dodged            ||    79
